[Event "ICC tourney 3209 (40 10)"]
[Site "Internet Chess Club"]
[Date "2023.06.03"]
[Round "4"]
[White "Cao, Frank Zhongtian:FrankCao"]
[Black "YU, AVERY:Averyyu321"]
[Result "1/2-1/2"]
[ICCResult "Game drawn by repetition"]
[WhiteElo "1694"]
[BlackElo "1966"]
[Opening "Sicilian: Najdorf, 7...Be7 main line"]
[ECO "B99"]
[NIC "SI.09"]
[Time "17:45:07"]
[PlyCount "61"]
[TimeControl "2400+10"]

1. e4 c5 2. Nf3 d6 3. d4 cxd4 4. Nxd4 Nf6 5. Nc3 a6 6. Bg5 e6 7. f4 Be7 8.
Qf3 Qc7 9. O-O-O Nbd7 10. g4 b5 11. Bxf6 Nxf6 12. g5 Nd7 13. f5 Bxg5+ 14.
Kb1 Ne5 15. Qh5 Bf6 16. fxe6 g6 17. Nd5 Qd8 18. exf7+ Kxf7 19. Qe2 Bg4 20.
Qd2 Bxd1 21. Qxd1 Re8 22. Bh3 Kg7 23. Rf1 Bg5 24. Ne6+ Rxe6 25. Bxe6 Ra7 26.
Qd4 Rb7 27. Nb4 Bf6 28. Nd5 Bg5 29. Nb4 Bf6 30. Nd5 Bg5 31. Nb4
{Game drawn by repetition}
1/2-1/2

[Event "ICC tourney 3209 (40 10)"]
[Site "Internet Chess Club"]
[Date "2023.06.03"]
[Round "4"]
[White "Aimdilokwong, Alec Daniel:Alec-hine"]
[Black "MARKOVIC, GORAN:Goran21"]
[Result "1-0"]
[ICCResult "Black checkmated"]
[WhiteElo "1910"]
[BlackElo "2049"]
[Opening "Trompowsky attack (Ruth, Opocenský opening)"]
[ECO "A45"]
[NIC "QP.07"]
[Time "17:45:05"]
[PlyCount "187"]
[TimeControl "2400+10"]

1. d4 Nf6 2. Bg5 Ne4 3. Bf4 d5 4. Nd2 Bf5 5. Ngf3 Nc6 6. a3 e6 7. e3 Bd6 8.
Bxd6 Qxd6 9. Bd3 Nxd2 10. Qxd2 Bxd3 11. Qxd3 h6 12. c4 O-O 13. O-O Rab8 14.
b4 dxc4 15. Qxc4 a6 16. Rac1 Rbc8 17. Rfd1 Rfd8 18. Qc5 Qd7 19. h3 Qe8 20.
Nd2 Rd5 21. Qc2 Qd7 22. Nb3 Nd8 23. Nc5 Qb5 24. Qc4 Qe8 25. Rd3 Qe7 26. Qc2
Rd6 27. Ne4 Rc6 28. Rc3 Rxc3 29. Qxc3 b6 30. Qc4 b5 31. Qc3 c6 32. Nc5 Qa7
33. Nb3 Nb7 34. e4 Nd6 35. e5 Nc4 36. Nd2 Nb6 37. Nb3 Na4 38. Qe3 Nb6 39.
Na5 Qd7 40. Rc5 Na4 41. Rc2 Nb6 42. Qc1 Kh7 43. Qe3 g6 44. Qc3 Na4 45. Qf3
Kg8 46. Rxc6 Rxc6 47. Nxc6 h5 48. d5 exd5 49. Qxd5 Qxd5 50. Ne7+ Kf8 51.
Nxd5 Nb2 52. f4 Nc4 53. Nc7 Nxa3 54. Nxa6 Ke7 55. Kf2 Ke6 56. Ke3 Kd5 57.
Kd3 h4 58. Nc7+ Kc6 59. e6 fxe6 60. Nxe6 Nc4 61. Nf8 Kd5 62. Nxg6 Nb2+ 63.
Kc3 Nd1+ 64. Kd2 Nf2 65. Ke2 Ne4 66. Nxh4 Kc4 67. Ke3 Nd6 68. Nf3 Kxb4 69.
g4 Kc3 70. Nd4 b4 71. f5 Nf7 72. f6 Kc4 73. h4 Kd5 74. g5 Ne5 75. Nb3 Ke6
76. Ke4 Nc4 77. Nc5+ Kf7 78. h5 Nd6+ 79. Kd5 Nf5 80. Ke5 Nh4 81. g6+ Kg8 82.
f7+ Kg7 83. Ne6+ Kh6 84. f8=Q+ Kxh5 85. Qh8+ Kg4 86. Qxh4+ Kxh4 87. g7 b3
88. g8=Q b2 89. Qb8 b1=Q 90. Qxb1 Kg4 91. Qe4+ Kh5 92. Qg2 Kh4 93. Kf4 Kh5
94. Qg5# {Black checkmated} 1-0

[Event "ICC tourney 3209 (40 10)"]
[Site "Internet Chess Club"]
[Date "2023.06.03"]
[Round "4"]
[White "KOEHL, EVAN:MacAndSneeze"]
[Black "Wan, Joseph Cheng-Yue:cyborg86"]
[Result "0-1"]
[ICCResult "White resigns"]
[WhiteElo "2037"]
[BlackElo "2313"]
[Opening "French: Tarrasch, open variation"]
[ECO "C07"]
[NIC "FR.18"]
[Time "17:45:02"]
[PlyCount "132"]
[TimeControl "2400+10"]

1. e4 e6 2. d4 d5 3. Nd2 c5 4. Ngf3 cxd4 5. Nxd4 Nf6 6. exd5 Qxd5 7. N2f3
Bc5 8. Bb5+ Bd7 9. Bxd7+ Nbxd7 10. O-O O-O 11. Nb3 Bb6 12. Qxd5 Nxd5 13. Bd2
Rac8 14. Rac1 Rc4 15. c3 Rd8 16. Rcd1 f6 17. Bc1 Kf7 18. Rfe1 Nc5 19. Nxc5
Rxc5 20. Kf1 e5 21. Nd2 Rc7 22. Nb3 Rcd7 23. Ke2 Rc8 24. Be3 Rxc3 25. Rxd5
Rxe3+ 26. fxe3 Rxd5 27. e4 Rd7 28. Rc1 Rc7 29. Rxc7+ Bxc7 30. Kd3 Bb6 31.
Nd2 Ke6 32. g4 Bd4 33. b4 Kd6 34. Nf3 Bb6 35. a4 Ke6 36. Kc4 g6 37. h3 Bf2
38. Kd3 a6 39. Kc4 Bb6 40. Kd3 Bd8 41. Nh4 b5 42. axb5 axb5 43. Kc3 Be7 44.
Kb3 Bf8 45. Kc3 Kd6 46. Ng2 Bh6 47. Nh4 Bf4 48. Kd3 Bg3 49. Nf3 Ke6 50. Kc3
h6 51. Kd3 f5 52. Nd2 Be1 53. Ke2 Bxd2 54. Kxd2 fxe4 55. Ke3 Kd5 56. h4 g5
57. h5 Kc4 58. Kxe4 Kxb4 59. Kxe5 Kc5 60. Kf6 b4 61. Kg6 b3 62. Kxh6 b2 63.
Kxg5 b1=Q 64. h6 Qh7 65. Kh5 Kd6 66. g5 Qf5 {White resigns} 0-1

[Event "ICC tourney 3209 (40 10)"]
[Site "Internet Chess Club"]
[Date "2023.06.03"]
[Round "4"]
[White "DINESH, ABINAV:abi2009"]
[Black "SHERNOFF, LEON:LeonShernoff"]
[Result "1-0"]
[ICCResult "Black resigns"]
[WhiteElo "1981"]
[BlackElo "1800"]
[Opening "Ruy Lopez: closed, Breyer, Borisenko variation"]
[ECO "C95"]
[NIC "RL.25"]
[Time "17:46:08"]
[PlyCount "57"]
[TimeControl "2400+10"]

1. e4 e5 2. Nf3 Nc6 3. Bb5 a6 4. Ba4 Nf6 5. O-O Be7 6. Re1 b5 7. Bb3 O-O 8.
c3 d6 9. h3 Nb8 10. d4 Nbd7 11. Nbd2 Bb7 12. a4 c5 13. Bc2 Qc7 14. Nf1 Rfe8
15. d5 c4 16. Ng3 Bf8 17. Nf5 Nc5 18. Bg5 Be7 19. Nxe5 Nxd5 20. Bxe7 Nxe7
21. Nxd6 Red8 22. Nexf7 Rd7 23. e5 Qc6 24. Bxh7+ Kf8 25. Qg4 Qxg2+ 26. Qxg2
Bxg2 27. Kxg2 Nxa4 28. Ng5 Nc8 29. Nxc8 {Black resigns} 1-0

[Event "ICC tourney 3209 (40 10)"]
[Site "Internet Chess Club"]
[Date "2023.06.03"]
[Round "4"]
[White "HANKE, HARVEY:ThinkingPanda"]
[Black "YU, VINCENT ZHIWEN:vincentyu"]
[Result "1-0"]
[ICCResult "Black checkmated"]
[WhiteElo "1934"]
[BlackElo "1615"]
[Opening "Sicilian: Grand Prix attack"]
[ECO "B23"]
[NIC "SI.44"]
[Time "17:45:06"]
[PlyCount "167"]
[TimeControl "2400+10"]

1. e4 c5 2. Nc3 Nc6 3. f4 g6 4. Nf3 Bg7 5. Bc4 e6 6. O-O Nge7 7. d3 d6 8.
Qe1 a6 9. a4 O-O 10. Qh4 Nd4 11. Nxd4 Bxd4+ 12. Kh1 Bg7 13. f5 f6 14. fxe6
Kh8 15. Rf3 g5 16. Qg4 Ng6 17. Rh3 Ne5 18. Qf5 h6 19. Bd5 Qe7 20. Ne2 Re8
21. d4 Nc6 22. Qg6 Bxe6 23. Bxe6 Qxe6 24. Ng3 Ne7 25. Rxh6+ Bxh6 26. Qxh6+
Kg8 27. Nh5 Nf5 28. Qg6+ Kf8 29. Bd2 Qxe4 30. Qxf6+ Kg8 31. Qxg5+ Kh8 32.
Nf6 Qe7 33. Qh5+ Kg7 34. Nxe8+ Rxe8 35. Qxf5 cxd4 36. Qg5+ Qxg5 37. Bxg5 Re2
38. Rc1 Kg6 39. Bf4 d5 40. Kg1 d3 41. cxd3 Rxb2 42. a5 Rb5 43. Bc7 Rb3 44.
Rd1 Rc3 45. Bb6 Ra3 46. Kf2 Kf5 47. Ke3 Ra2 48. Rd2 Ra4 49. Kf3 Rf4+ 50. Ke2
Ra4 51. h3 Rh4 52. Kf2 Ra4 53. Kg3 Kg5 54. Re2 Kf5 55. h4 Rg4+ 56. Kh3 Ra4
57. g4+ Rxg4 58. Rf2+ Rf4 59. Rxf4+ Kxf4 60. h5 Kg5 61. Kg3 Kxh5 62. Kf4 Kg6
63. Ke5 Kf7 64. Kd6 Ke8 65. Kc7 Ke7 66. Kxb7 Kd6 67. Kxa6 Kc6 68. Ka7 Kb5
69. Kb7 d4 70. a6 Ka4 71. a7 Kb3 72. Bxd4 Kc2 73. a8=Q Kxd3 74. Qa3+ Kxd4
75. Kc6 Ke4 76. Qc3 Kf4 77. Qd3 Kg4 78. Qe3 Kf5 79. Kd5 Kf6 80. Qe5+ Kg6 81.
Ke6 Kh7 82. Qg5 Kh8 83. Kf7 Kh7 84. Qg7# {Black checkmated} 1-0

[Event "ICC tourney 3209 (40 10)"]
[Site "Internet Chess Club"]
[Date "2023.06.03"]
[Round "4"]
[White "ZHUGE, KATHERINE:FlowingMelody"]
[Black "SKARIAH, ANUSHKA ELIZABETH:kskariah"]
[Result "1-0"]
[ICCResult "Black resigns"]
[WhiteElo "1781"]
[BlackElo "1596"]
[Opening "French: Tarrasch, open, 4.ed ed"]
[ECO "C08"]
[NIC "FR.21"]
[Time "17:45:04"]
[PlyCount "107"]
[TimeControl "2400+10"]

1. e4 e6 2. d4 d5 3. Nd2 c5 4. exd5 exd5 5. Ngf3 Nf6 6. Be2 Bd6 7. O-O O-O
8. dxc5 Bxc5 9. Nb3 Bb6 10. Bf4 Nc6 11. Nbd4 Re8 12. Re1 Bg4 13. Nxc6 bxc6
14. Ne5 Bxe2 15. Rxe2 Rc8 16. Qd2 Ne4 17. Qd3 Qh4 18. Bg3 Nxg3 19. hxg3 Qf6
20. Rae1 Rxe5 21. Rxe5 Bxf2+ 22. Kf1 Bxg3+ 23. Rf5 Qh4 24. Re3 Qh1+ 25. Ke2
Qxg2+ 26. Kd1 Bf2 27. Re2 Qg1+ 28. Kd2 Bh4 29. Qf3 Bg5+ 30. Kd3 Qd1+ 31. Kc3
Qg1 32. Kd3 f6 33. Rg2 Qb6 34. Ke2 Re8+ 35. Kf1 Qxb2 36. Rf2 Qc1+ 37. Kg2
Bh4 38. Re2 Rxe2+ 39. Qxe2 Qe1 40. Qxe1 Bxe1 41. Rf1 Bc3 42. Rb1 a5 43. Rb8+
Kf7 44. Rc8 g5 45. Rxc6 h5 46. Rxc3 Kg6 47. Rd3 h4 48. Rxd5 a4 49. c4 h3+
50. Kxh3 a3 51. c5 Kh5 52. c6 Kg6 53. c7 g4+ 54. Kxg4 {Black resigns} 1-0

[Event "ICC tourney 3209 (40 10)"]
[Site "Internet Chess Club"]
[Date "2023.06.03"]
[Round "4"]
[White "GHOSH, YOHAN:luckylion"]
[Black "XIA, JOSHUA:MathMonkey"]
[Result "1-0"]
[ICCResult "Black forfeits on time"]
[WhiteElo "1848"]
[BlackElo "2000"]
[Opening "Scotch gambit: Vitzhum attack"]
[ECO "C44"]
[NIC "SO.06"]
[Time "17:45:59"]
[PlyCount "107"]
[TimeControl "2400+10"]

1. e4 e5 2. Nf3 Nc6 3. d4 exd4 4. Bc4 Bc5 5. Ng5 Nh6 6. Qh5 Qe7 7. O-O O-O
8. Nf3 d5 9. Bxd5 Bg4 10. Qg5 Bxf3 11. Bxc6 Qxg5 12. Bxg5 Bxg2 13. Bxb7 Bxf1
14. Bxa8 Bb5 15. Bd5 Ng4 16. h3 Ne5 17. Nd2 Bb4 18. Bf4 Ng6 19. a3 Nxf4 20.
axb4 Nxh3+ 21. Kh2 Nxf2 22. Kg3 c6 23. Bb3 Nxe4+ 24. Nxe4 Re8 25. Rxa7 Rd8
26. Rxf7 Kh8 27. Nd6 h6 28. Nxb5 cxb5 29. c3 dxc3 30. bxc3 Rd2 31. Kg4 g6
32. Rc7 Rd6 33. Bf7 Rf6 34. Be8 Rf5 35. Rc5 h5+ 36. Kh4 Kg7 37. Rxf5 gxf5
38. Bxb5 Kf6 39. Be2 Ke5 40. Bxh5 Kd5 41. Kg5 Kc4 42. Kxf5 Kxc3 43. b5 Kb4
44. b6 Kc5 45. b7 Kc6 46. b8=Q Kc5 47. Qd8 Kc4 48. Be2+ Kc3 49. Qd5 Kb4 50.
Qc4+ Ka3 51. Qb5 Ka2 52. Bd3 Ka3 53. Bc2 Ka2 54. Qb3+ {Black forfeits on
time} 1-0

[Event "ICC tourney 3209 (40 10)"]
[Site "Internet Chess Club"]
[Date "2023.06.03"]
[Round "4"]
[White "KONA, VIDIP KUMAR:Vidipkona"]
[Black "QIAO, RICHARDSON JINGSI:Richardsonqiao"]
[Result "1/2-1/2"]
[ICCResult "Game drawn because neither player has mating material"]
[WhiteElo "2011"]
[BlackElo "1573"]
[Opening "English: Caro-Kann defensive system"]
[ECO "A12"]
[NIC "RE.03"]
[Time "17:47:12"]
[PlyCount "244"]
[TimeControl "2400+10"]

1. Nf3 d5 2. c4 c6 3. b3 Nf6 4. g3 g6 5. Bb2 Bg7 6. Bg2 Bf5 7. O-O O-O 8. d3
Qd7 9. Nbd2 Bh3 10. Qc2 Bxg2 11. Kxg2 Na6 12. a3 Nc7 13. Rfd1 e6 14. e4 Nfe8
15. Nf1 Bxb2 16. Qxb2 Ng7 17. e5 Qe7 18. Ne3 f6 19. Re1 f5 20. h4 h6 21. Rh1
Nce8 22. Qd2 f4 23. Ng4 h5 24. Ngh2 fxg3 25. fxg3 Nc7 26. Rhf1 Rf7 27. g4
Raf8 28. b4 Rf4 29. Ng5 Rxf1 30. Rxf1 Rxf1 31. Kxf1 Nce8 32. Kg2 Qf8 33. Qe3
a5 34. Qb6 axb4 35. axb4 Qe7 36. b5 Qc7 37. Qf2 Qe7 38. Kh3 Qf8 39. Qe3
hxg4+ 40. Nxg4 Qf5 41. Qf3 Qxf3+ 42. Nxf3 Nh5 43. Ne1 Nc7 44. bxc6 bxc6 45.
Kg2 Na6 46. Kf3 Nb4 47. c5 Ng7 48. Ke2 Nf5 49. Nf3 Kg7 50. Ng5 Nd4+ 51. Ke3
Nf5+ 52. Kd2 Nxh4 53. Nxe6+ Kf7 54. Nd4 Nf5 55. Nf3 d4 56. Ng5+ Ke7 57. Nf6
Na6 58. Nfe4 Ng7 59. Nf3 Ne6 60. Kc2 Nb4+ 61. Kd2 Na6 62. Ke2 Nb4 63. Kd2
Na6 64. Nh4 Naxc5 65. Nxg6+ Kf7 66. Nxc5 Nxc5 67. Nh4 Ke6 68. Ng6 Nd7 69.
Nf4+ Kxe5 70. Ng6+ Kf6 71. Nf4 Kf5 72. Ne2 c5 73. Ng3+ Kf4 74. Ne2+ Kf3 75.
Nc1 Kf4 76. Nb3 Ke5 77. Na5 Kd5 78. Nc4 Ne5 79. Nb6+ Kc6 80. Nc8 Ng6 81.
Na7+ Kb6 82. Nc8+ Kb5 83. Nd6+ Kb4 84. Nc4 Kb3 85. Nd6 Ne5 86. Nf5 Kb2 87.
Nd6 Nf3+ 88. Ke2 Ne5 89. Kd2 Nf3+ 90. Ke2 Kc3 91. Ne4+ Kc2 92. Nxc5 Ng1+ 93.
Kf2 Nh3+ 94. Kg3 Ng5 95. Kf4 Nf7 96. Ke4 Nd6+ 97. Kxd4 Nb5+ 98. Kc4 Nd6+ 99.
Kd4 Nb5+ 100. Ke3 Kc3 101. Ne6 Kb4 102. Nd4 Nd6 103. Ne2 Nb5 104. Ke4 Kc5
105. Ke5 Kb4 106. Kd5 Ka4 107. Kc4 Na3+ 108. Kc5 Nc2 109. Kc4 Na3+ 110. Kc3
Nb5+ 111. Kd2 Kb4 112. Nf4 Kc5 113. Ke3 Kd6 114. Ke4 Nc3+ 115. Kd4 Nb5+ 116.
Kc4 Na3+ 117. Kd4 Nb5+ 118. Ke3 Na3 119. Ne2 Nc2+ 120. Ke4 Nb4 121. d4 Nc6
122. Ng3 Nxd4 {Game drawn because neither player has mating material}
1/2-1/2

[Event "ICC tourney 3209 (40 10)"]
[Site "Internet Chess Club"]
[Date "2023.06.03"]
[Round "4"]
[White "YUAN, SERENA:doudou2011"]
[Black "LU, JOSHUA:qingjoshua"]
[Result "0-1"]
[ICCResult "White resigns"]
[WhiteElo "1865"]
[BlackElo "2095"]
[Opening "Neo-Grünfeld, 6.O-O c6"]
[ECO "D79"]
[NIC "GI.02"]
[Time "17:45:04"]
[PlyCount "132"]
[TimeControl "2400+10"]

1. d4 Nf6 2. Nf3 g6 3. g3 Bg7 4. Bg2 O-O 5. O-O d5 6. c4 c6 7. cxd5 Nxd5 8.
e4 Nb6 9. Nc3 Bg4 10. Be3 Nc4 11. Qb3 b5 12. a4 Bxf3 13. Bxf3 Bxd4 14. Bh6
Bg7 15. Rfd1 Qb6 16. Bxg7 Kxg7 17. axb5 Ne5 18. Bg2 Nbd7 19. Qa3 Nc5 20.
bxc6 Qxc6 21. Nd5 Ne6 22. Nxe7 Qb7 23. Nd5 f6 24. Rac1 Rac8 25. Qd6 Rxc1 26.
Rxc1 Qxb2 27. Rd1 Ng5 28. Nc7 Qe2 29. h4 Nef3+ 30. Kh1 Nxh4 31. gxh4 Qh5 32.
Qe7+ Rf7 33. Ne8+ Kh6 34. Qd6 Qxh4+ 35. Qh2 Qxh2+ 36. Kxh2 Ne6 37. Rd6 Nc5
38. Rxf6 Re7 39. Nd6 Kg7 40. Rf4 Nd3 41. Rf3 Ne1 42. Rg3 Kf6 43. Bh1 Ke5 44.
Nc4+ Kd4 45. Nd2 Nd3 46. Nb3+ Kc4 47. Na5+ Kc3 48. Nc6 Re6 49. e5 Kd2 50.
Bd5 Re8 51. Kg2 Nf4+ 52. Kf3 Nxd5 53. Ke4 Nf6+ 54. Kd4 Nd7 55. Rd3+ Ke2 56.
f4 Nb8 57. Nxa7 Rd8+ 58. Ke4 Rxd3 59. e6 Na6 60. e7 Re3+ 61. Kd5 Rxe7 62.
Nc6 Rf7 63. Ke5 Nc5 64. Nd4+ Ke3 65. Nc2+ Kd2 66. Nd4 Nd3+ {White resigns}
0-1

[Event "ICC tourney 3209 (40 10)"]
[Site "Internet Chess Club"]
[Date "2023.06.03"]
[Round "5"]
[White "Mamillapalli, Anshith:anshith"]
[Black "CHEN, ALAN ZISHUN:zishun"]
[Result "0-1"]
[ICCResult "White checkmated"]
[WhiteElo "704"]
[BlackElo "1815"]
[Opening "Giuoco Piano"]
[ECO "C54"]
[NIC "IG.02"]
[Time "20:00:16"]
[PlyCount "70"]
[TimeControl "2400+10"]

1. e4 e5 2. Nf3 Nc6 3. Bc4 Bc5 4. c3 Nf6 5. d4 exd4 6. cxd4 Bb4+ 7. Nc3 Nxe4
8. O-O Bxc3 9. Qb3 O-O 10. bxc3 Na5 11. Qb4 Nxc4 12. Qxc4 d5 13. Qd3 Bg4 14.
h3 Bh5 15. c4 c6 16. cxd5 cxd5 17. Re1 Bg6 18. Qb3 Qd7 19. Ne5 Qf5 20. Qxd5
Qxf2+ 21. Kh2 Qg3+ 22. Kg1 Qxe1+ 23. Kh2 Qg3+ 24. Kg1 Rad8 25. Qc4 Qf2+ 26.
Kh2 Rxd4 27. Qc2 Qxc2 28. Nxg6 fxg6 29. Be3 Rd2 30. Bxd2 Rf2 31. Re1 Qxd2
32. Rg1 Qf4+ 33. Kh1 Ng3+ 34. Kh2 Nf1+ 35. Kh1 Qh2# {White checkmated} 0-1

[Event "ICC tourney 3209 (40 10)"]
[Site "Internet Chess Club"]
[Date "2023.06.03"]
[Round "5"]
[White "QIAO, RICHARDSON JINGSI:Richardsonqiao"]
[Black "JIANG, BRANDON:BranKing"]
[Result "0-1"]
[ICCResult "White resigns"]
[WhiteElo "1573"]
[BlackElo "2146"]
[Opening "Dutch defense, Rubinstein variation"]
[ECO "A40"]
[NIC "QO.17"]
[Time "20:01:00"]
[PlyCount "90"]
[TimeControl "2400+10"]

1. d4 e6 2. c4 f5 3. Nc3 Nf6 4. Bg5 Be7 5. Bxf6 Bxf6 6. e4 fxe4 7. Nxe4 O-O
8. Nf3 d5 9. Nc3 Nc6 10. Be2 dxc4 11. O-O Nxd4 12. Nxd4 Qxd4 13. Qxd4 Bxd4
14. Rac1 Bxc3 15. Rxc3 b5 16. a4 a6 17. Ra1 Bb7 18. b3 cxb3 19. Rxb3 Bd5 20.
Rc3 c6 21. Bf3 b4 22. Re3 Rxf3 23. gxf3 c5 24. f4 Rf8 25. Rc1 c4 26. Rb1 b3
27. Kf1 Rxf4 28. Ke2 Rd4 29. Rd1 Rh4 30. h3 Kf7 31. Rg1 Be4 32. Rg4 Rxg4 33.
hxg4 b2 34. Rxe4 b1=Q 35. Rxc4 Qa2+ 36. Kd3 Qxf2 37. Rc7+ Kf6 38. g5+ Kxg5
39. Rxg7+ Kf6 40. Rg8 Kf7 41. Rg5 h6 42. Ra5 h5 43. Ke4 h4 44. Rxa6 Qe2+ 45.
Kd4 Qxa6 {White resigns} 0-1

[Event "ICC tourney 3209 (40 10)"]
[Site "Internet Chess Club"]
[Date "2023.06.03"]
[Round "5"]
[White "OPASKA, MICHAEL:mopaska1106"]
[Black "Stevens, Adam Benjamin:adambenstevens"]
[Result "0-1"]
[ICCResult "White resigns"]
[WhiteElo "1943"]
[BlackElo "1869"]
[Opening "QGD Slav defense"]
[ECO "D10"]
[NIC "SL.01"]
[Time "20:00:06"]
[PlyCount "56"]
[TimeControl "2400+10"]

1. d4 d5 2. c4 c6 3. Nc3 Nf6 4. e3 Bf5 5. Nf3 e6 6. Nh4 Be4 7. f3 Bg6 8.
Nxg6 hxg6 9. cxd5 exd5 10. Bd3 Bd6 11. f4 O-O 12. O-O Nbd7 13. Qf3 Qc7 14.
Bd2 Rfe8 15. Rac1 a6 16. g4 Re7 17. g5 Ne4 18. Nxe4 dxe4 19. Bxe4 Rae8 20.
Bd3 Qb6 21. Rc2 c5 22. f5 gxf5 23. Qxf5 g6 24. Qd5 cxd4 25. exd4 Be5 26. Bc3
Rd8 27. Bxg6 Qxg6 28. dxe5 Qxc2 {White resigns} 0-1

[Event "ICC tourney 3209 (40 10)"]
[Site "Internet Chess Club"]
[Date "2023.06.03"]
[Round "5"]
[White "YU, AVERY:Averyyu321"]
[Black "KONA, VIDIP KUMAR:Vidipkona"]
[Result "0-1"]
[ICCResult "White resigns"]
[WhiteElo "1966"]
[BlackElo "2011"]
[Opening "Caro-Kann: Tartakower (Nimzovich) variation"]
[ECO "B15"]
[NIC "CK.06"]
[Time "20:00:22"]
[PlyCount "78"]
[TimeControl "2400+10"]

1. e4 c6 2. d4 d5 3. Nc3 dxe4 4. Nxe4 Nf6 5. Nxf6+ exf6 6. c3 Bd6 7. Bd3 O-O
8. Qc2 h5 9. Be3 Re8 10. O-O-O Be6 11. c4 Nd7 12. Ne2 Rc8 13. Nc3 b5 14. Ne4
Bb8 15. Nc5 Nxc5 16. dxc5 Qa5 17. Kb1 Be5 18. f4 Bc7 19. Rhe1 Bg4 20. Bh7+
Kh8 21. Rd2 Rxe3 22. Rxe3 Bxf4 23. Rde2 Bxe3 24. Rxe3 bxc4 25. Bf5 Qxc5 26.
Bxg4 hxg4 27. Qf2 Qg5 28. Re4 Rd8 29. a3 Rd2 30. Qxa7 Qg6 31. Qe3 Rxg2 32.
h3 f5 33. Rf4 Qf6 34. Qb6 gxh3 35. Rxc4 h2 36. Rc1 f4 37. Rh1 Qg5 38. Ka2
Qd5+ 39. Ka1 Re2 {White resigns} 0-1

[Event "ICC tourney 3209 (40 10)"]
[Site "Internet Chess Club"]
[Date "2023.06.03"]
[Round "5"]
[White "MARKOVIC, GORAN:Goran21"]
[Black "HANKE, HARVEY:ThinkingPanda"]
[Result "1/2-1/2"]
[ICCResult "Game drawn because neither player has mating material"]
[WhiteElo "2049"]
[BlackElo "1934"]
[Opening "Ruy Lopez: Schliemann defense, Berger variation"]
[ECO "C63"]
[NIC "RL.06"]
[Time "20:00:04"]
[PlyCount "187"]
[TimeControl "2400+10"]

1. e4 e5 2. Nf3 Nc6 3. Bb5 f5 4. Nc3 fxe4 5. Nxe4 Nf6 6. Qe2 d5 7. Nxf6+
gxf6 8. d4 Bg7 9. dxe5 O-O 10. O-O Nxe5 11. Nxe5 fxe5 12. c3 c6 13. Ba4 Bf5
14. Be3 Qh4 15. Bb3 Kh8 16. f3 a6 17. Qd2 Bf6 18. Rae1 Rg8 19. Kh1 Rae8 20.
Bf2 Qh5 21. g4 Qh3 22. Bg3 Bd7 23. Bc2 Rgf8 24. Rf2 Bg7 25. Bd3 e4 26. Bf1
Qh6 27. g5 Qg6 28. fxe4 Rxf2 29. Qxf2 Rxe4 30. h4 Rxe1 31. Qxe1 Qe6 32. Qf2
Qe4+ 33. Bg2 Qb1+ 34. Kh2 Qf5 35. Qb6 Bc8 36. Qc7 Qd7 37. Qb8 Qe8 38. Qd6
Qd7 39. Qf4 Qf5 40. Qb8 Qf8 41. Bd6 Qe8 42. a4 Qd7 43. a5 Qe8 44. Qc7 Qd7
45. Qb8 Qe8 46. Bf4 Qe6 47. Qc7 Qd7 48. Qb6 Qe8 49. Qf2 Kg8 50. Qg3 Qe6 51.
h5 Qg4 52. h6 Qxg3+ 53. Kxg3 Bf8 54. Be5 Kf7 55. Kf4 Bc5 56. Bf3 Bd7 57.
Bh5+ Kg8 58. b4 Be7 59. Bg4 Bxg4 60. Kxg4 Bf8 61. Kf5 Kf7 62. Bd4 Be7 63.
Bc5 Bd8 64. Bd6 b6 65. axb6 Bxb6 66. Be5 a5 67. bxa5 Bxa5 68. Bf6 Bc7 69.
Bd4 Bd8 70. Bg7 Be7 71. Be5 Bd8 72. Bf4 Be7 73. Be3 Bf8 74. Bd4 Be7 75. Be3
Bf8 76. Bb6 Be7 77. Bc7 Bf8 78. Bd8 Bc5 79. Bf6 Bd6 80. Bg7 Be7 81. Ke5 Bxg5
82. Kd6 Kg6 83. Kxc6 Bxh6 84. Bxh6 Kxh6 85. Kxd5 Kg5 86. c4 h5 87. Ke4 h4
88. Kf3 h3 89. c5 Kf5 90. c6 Ke6 91. c7 Kd7 92. c8=Q+ Kxc8 93. Kg3 h2 94.
Kxh2 {Game drawn because neither player has mating material} 1/2-1/2

[Event "ICC tourney 3209 (40 10)"]
[Site "Internet Chess Club"]
[Date "2023.06.03"]
[Round "5"]
[White "YU, VINCENT ZHIWEN:vincentyu"]
[Black "HUANG, AYDEN:dabishi"]
[Result "1/2-1/2"]
[ICCResult "Game drawn by mutual agreement"]
[WhiteElo "1615"]
[BlackElo "1942"]
[Opening "Sicilian: dragon, Yugoslav attack, 9...Bd7"]
[ECO "B77"]
[NIC "SI.18"]
[Time "20:00:23"]
[PlyCount "92"]
[TimeControl "2400+10"]

1. e4 c5 2. Nf3 d6 3. d4 cxd4 4. Nxd4 Nf6 5. Nc3 g6 6. Be3 Bg7 7. f3 O-O 8.
Qd2 Nc6 9. Bc4 Bd7 10. Bb3 Rc8 11. O-O-O Ne5 12. Kb1 Nc4 13. Bxc4 Rxc4 14.
g4 b5 15. h4 b4 16. Nce2 a5 17. h5 a4 18. hxg6 fxg6 19. Ng3 Rf7 20. g5 Ne8
21. f4 e5 22. fxe5 Bxe5 23. Nge2 Bc6 24. Nxc6 Rxc6 25. Qd5 Rc8 26. Rdf1 Qc7
27. Qxf7+ Qxf7 28. Rxf7 Kxf7 29. Rxh7+ Ng7 30. b3 axb3 31. cxb3 Rf8 32. Rh1
Ke7 33. Nd4 Kd7 34. Rd1 Rh8 35. Rf1 Rh4 36. Nf3 Rxe4 37. Nxe5+ dxe5 38. Rf7+
Ke6 39. Rf6+ Kd5 40. Bc1 Ne6 41. Rxg6 Rg4 42. Rg8 e4 43. g6 Rg1 44. Kb2 Rg2+
45. Kb1 Kd4 46. g7 Kd3 {Game drawn by mutual agreement} 1/2-1/2

[Event "ICC tourney 3209 (40 10)"]
[Site "Internet Chess Club"]
[Date "2023.06.03"]
[Round "5"]
[White "WU, JAYDEN:SparkyNinja"]
[Black "GHOSH, YOHAN:luckylion"]
[Result "1-0"]
[ICCResult "Black checkmated"]
[WhiteElo "2010"]
[BlackElo "1848"]
[Opening "Sicilian: accelerated fianchetto, modern variation with Bc4"]
[ECO "B35"]
[NIC "SI.44"]
[Time "20:00:56"]
[PlyCount "91"]
[TimeControl "2400+10"]

1. e4 c5 2. Nc3 Nc6 3. Nge2 g6 4. d4 cxd4 5. Nxd4 Bg7 6. Be3 Nf6 7. Bc4 Qa5
8. Qd2 Nxe4 9. Nxc6 Qxc3 10. Qxc3 Bxc3+ 11. bxc3 dxc6 12. Bd3 Nd6 13. h4 Bf5
14. h5 Bxd3 15. cxd3 Kd7 16. Ke2 b6 17. a4 b5 18. axb5 cxb5 19. hxg6 hxg6
20. Rxh8 Rxh8 21. Rxa7+ Ke6 22. Ra5 Kd5 23. c4+ Kc6 24. Ra6+ Kd7 25. Ra7+
Ke6 26. c5 Nf5 27. Rb7 Kd5 28. Rxb5 Nxe3 29. fxe3 Kc6 30. Ra5 Rh5 31. d4 e5
32. Ra6+ Kb5 33. Rf6 exd4 34. exd4 Rd5 35. Kd3 Rg5 36. Rb6+ Ka5 37. Rb2 Rh5
38. Kc4 Ka6 39. c6 Ka7 40. c7 Rh8 41. d5 f5 42. d6 f4 43. d7 f3 44. c8=Q
Rxc8+ 45. dxc8=Q fxg2 46. Qb7# {Black checkmated} 1-0

[Event "ICC tourney 3209 (40 10)"]
[Site "Internet Chess Club"]
[Date "2023.06.03"]
[Round "5"]
[White "ZHOU, JIANCHAO:TomCruise999"]
[Black "KUNG, THOMAS:thomaskung"]
[Result "1-0"]
[ICCResult "Black resigns"]
[WhiteElo "2640"]
[BlackElo "2264"]
[Opening "QGD Slav: Slav gambit"]
[ECO "D15"]
[NIC "SL.03"]
[Time "20:00:06"]
[PlyCount "69"]
[TimeControl "2400+10"]

1. d4 d5 2. c4 c6 3. Nf3 Nf6 4. Nc3 dxc4 5. e4 b5 6. Be2 Bg4 7. O-O e6 8. h3
Bh5 9. e5 Nd5 10. a4 Be7 11. axb5 Nxc3 12. bxc3 cxb5 13. Ng5 Bxe2 14. Qxe2
Qd5 15. f4 g6 16. Ba3 Bxa3 17. Rxa3 O-O 18. Ne4 Kg7 19. g4 Nd7 20. Ra6 Nb6
21. f5 gxf5 22. Nf6 Qb7 23. gxf5 Kh8 24. Ra2 Rg8+ 25. Nxg8 Rxg8+ 26. Kh2 Nd5
27. Qe4 b4 28. cxb4 Qxb4 29. fxe6 fxe6 30. Rf7 Rg6 31. Qh4 h6 32. Qe4 Qb3
33. Rg2 Qd3 34. Qxg6 Qxg6 35. Rxg6 {Black resigns} 1-0